 Dungeon Crawl Stone Soup version 0.27-a0-965-gbf8bb431c4 (webtiles) character file.

Game seed: 12090349117131950523

14 leviel the Skirmisher (level 2, 0/27 HPs)
             Began as a Hill Orc Fighter on Apr 12, 2021.
             Succumbed to an adder's poison
             ... on level 2 of the Dungeon.
             The game lasted 00:02:10 (967 turns).

leviel the Skirmisher (Hill Orc Fighter)             Turns: 967, Time: 00:02:10

Health: 0/27       AC:  6    Str: 18    XL:     2   Next: 41%
Magic:  2/2        EV:  7    Int:  8    God:
Gold:   23         SH:  9    Dex: 10    Spells: 1/1 levels left

rFire    . . .     SeeInvis .   a - +0 war axe
rCold    . . .     Faith    .   c - +0 kite shield
rNeg     . . .     Spirit   .   b - +0 scale mail
rPois    .         Reflect  .   (no helmet)
rElec    .         Harm     .   (no cloak)
rCorr    .         Rampage  .   (no gloves)
Will     .....                  (no boots)
Stlth    ..........             (no amulet)
HPRegen  0.09/turn              (no ring)
MPRegen  0.08/turn              (no ring)

@: mighty, lethally poisoned (0 -> -4), hasted, very quick
A: no striking features
a: no special abilities


You were on level 2 of the Dungeon.
You visited 1 branch of the dungeon, and saw 2 of its levels.

You collected 53 gold pieces.
You spent 30 gold pieces at shops.

Inventory:

Hand Weapons
 a - a +0 war axe (weapon)
Armour
 b - a +0 scale mail (worn)
 c - a +0 kite shield (worn)
Scrolls
 e - a scroll of enchant armour {unknown}
 g - 2 scrolls of teleportation
 h - a scroll of fear {unknown}


   Skills:
 + Level 4.0 Fighting
 + Level 2.8 Axes
 + Level 3.5 Armour
 + Level 3.5 Shields


You had one spell level left.
You didn't know any spells.
Your spell library contained the following spells:

 Spells                   Type           Power      Damage    Failure   Level
 Animate Skeleton         Necr           0%         N/A       99%         1
 Apportation              Tloc           0%         N/A       99%         1
 Corona                   Hex            0%         N/A       99%         1
 Summon Small Mammal      Summ           0%         N/A       99%         1


Dungeon Overview and Level Annotations

Branches:
Dungeon (2/15)

Altars:

Shops:
D:1 :[[[?


Message History

There are monsters nearby!
You barely miss the adder. The adder bites you.
You are poisoned.
The adder poisons you! The adder bites you but does no damage.
You barely miss the adder.
You feel very sick. The adder bites you. You block the adder's attack.
The rat barely misses you.
You barely miss the adder. You slash the rat!
You kill the rat!
You feel sick. You block the adder's attack. The adder bites you.
You are more poisoned.
The adder poisons you!
You completely miss the adder.
You feel very sick. The adder bites you.
You are lethally poisoned!
The adder poisons you! The adder bites you.
* * * LOW HITPOINT WARNING * * *
You are too injured to fight recklessly!
You are too injured to fight recklessly!
You are too injured to fight recklessly!
You are too injured to fight recklessly!
You are too injured to fight recklessly!
You are too injured to fight recklessly!
You are too injured to fight recklessly!
You are too injured to fight recklessly!
You are too injured to fight recklessly!
You feel very mighty all of a sudden.
* * * LOW HITPOINT WARNING * * *
You feel sick. The adder bites you but does no damage.
You barely miss the adder.
* * * LOW HITPOINT WARNING * * *
You feel very sick. You block the adder's attack. x2
You hit the adder.
The adder is heavily wounded.
* * * LOW HITPOINT WARNING * * *
You feel sick. You block the adder's attack. The adder barely misses you.
It was a potion of haste.
You feel yourself speed up.
You die...

#. ..
.#.########.
.........!.
..........#
..........#
..........#
........S#
.......@.#
.........#
...........
.........#..#
#############


You could see an adder.

Vanquished Creatures
  A giant cockroach (D:1)
  A goblin (D:1)
  4 jackals (D:1)
  2 bats (D:1)
  2 frilled lizards (D:1)
  A kobold (D:1)
  2 rats
13 creatures vanquished.

Notes
Turn   | Place    | Note
-------+----------+-------------------------------------------
     0 | D:1      | leviel the Hill Orc Fighter began the quest for the Orb.
     0 | D:1      | Reached XP level 1. HP: 19/19 MP: 1/1
   225 | D:1      | Found a faded altar of an unknown god.
   253 | D:1      | Found Yfoumey's Armour Boutique.
   417 | D:1      | Found Riparreo's Book Emporium.
   444 | D:1      | Reached XP level 2. HP: 27/27 MP: 2/2
   625 | D:1      | Found Tueqaam's Magic Scroll Emporium.
   633 | D:1      | Reached skill level 4 in Fighting
   636 | D:1      | Found Midiux's Armour Shop.
   639 | D:1      | Bought a scroll of teleportation for 30 gold pieces
   641 | D:1      | Found Ireful's Armour Boutique.
   966 | D:2      | HP: 1/27 [poisoned by an adder]
   967 | D:2      | Succumbed to an adder's poison

Illustrated notes

Levels and vault maps discovered:
D:1:      erik_arrival_cave_to_civilisation [erik_arrival_cave_to_hall],
          layout_basic, serial_shops, nicolae_shop_waterfront, shop,
          shop_statue, nicolae_shop_window_shopping, shop,
          hellmonk_ecumenical_altar_heavens_door, serial_bayou_pond_e
D:2:      minmay_chambers_of_ones, layout_basic, grunt_ministairs_8,
          minivault_5, st_stairs_5, chequers_serial_rivers_micro_b,
          minmay_tetromino_s2

Skill      XL: |  1  2 |
---------------+-------+-----
Fighting       | 4 |  4.0
Axes           | |  2.8
Armour         | |  3.5
Shields        | |  3.5

Action                   || total
-------------------------++-------
Melee: War axe           ||    51
  Use: Potion            ||     2
Armor: Scale mail        ||    33
Dodge: Dodged            ||    18
Block: Kite shield       ||    38

Table legend: (Time is in decaauts)
 A = Elapsed time spent in this place.
 B = Non-inter-level travel time spent in this place.
 C = Inter-level travel time spent in this place.
 D = Time resting spent in this place.
 E = Time spent auto-exploring this place.
 F = Levels seen in this place.
 G = Mean time per level.
                   A        B        C        D        E       F      G
               +--------+--------+--------+--------+--------+-----+--------+
         Total |    997 |    980 |     17 |      0 |    868 |   2 |  498.5 |
       Dungeon |    997 |    980 |     17 |      0 |    868 |   2 |  498.5 |
               +--------+--------+--------+--------+--------+-----+--------+

Top non-repeatable levels by time:
     D:1: 986 daAuts
     D:2: 11 daAuts
